 Dungeon Crawl Stone Soup version 0.28-a0-1518-gbe868bca14 (webtiles) character file.

Game seed: 2348149136795037889

886 hashsling the Magician (level 7, -10/36 HPs)
             Began as a Deep Elf Hedge Wizard on Jan 16, 2022.
             Engulfed by a cloud of flame (24 damage)
             ... on level 5 of the Dungeon.
             The game lasted 00:23:15 (5818 turns).

hashsling the Magician (Deep Elf Hedge Wizard)      Turns: 5818, Time: 00:23:16

Health: -10/36     AC:  5    Str:  7    XL:     7   Next: 76%
Magic:  5/20       EV: 12    Int: 24    God:
Gold:   107        SH:  0    Dex: 14    Spells: 2/21 levels left

rFire   x . .      SeeInvis .   t - +4 dagger "Alowk" {pain, rF- rC+++ rCorr Int+3}
rCold   + + +      Faith    .   (no shield)
rNeg    . . .      Spirit   .   b - +0 robe
rPois   .          Reflect  .   c - +0 hat
rElec   .          Harm     .   (no cloak)
rCorr   +          Rampage  .   r - +2 pair of gloves
Will    +....                   (no boots)
Stlth   ++........              (no amulet)
HPRegen 0.12/turn               o - ring of willpower
MPRegen 0.17/turn               (no ring)

@: on blink cooldown
A: no striking features
a: no special abilities


You were on level 5 of the Dungeon.
You visited 1 branch of the dungeon, and saw 5 of its levels.

You collected 107 gold pieces.

Inventory:

Hand Weapons
 t - the +4 dagger "Alowk" (weapon) {pain, rF- rC+++ rCorr Int+3}
   (You found it on level 5 of the Dungeon)

   In the hands of one skilled in necromantic magic, it inflicts extra damage on
   living creatures.
   Int:       It affects your intelligence (+3).
   rF:        It makes you vulnerable to fire.
   rC:        It renders you almost immune to cold.
   rCorr:     It protects you from acid and corrosion.
Armour
 b - a +0 robe (worn)
 c - a +0 hat (worn)
 r - a +2 pair of gloves (worn)
 s - a +3 leather armour
Jewellery
 o - a ring of willpower (left hand)
Scrolls
 a - a scroll of noise {unknown}
 e - 3 scrolls of identify {unknown}
 f - a scroll of vulnerability {unknown}
 h - 2 scrolls of teleportation {unknown}
 i - a scroll of immolation {unknown}
 n - a scroll of fear {unknown}
 q - a scroll of brand weapon {unknown}
Potions
 d - 2 potions of curing {unknown}
 g - a potion of haste {unknown}
 j - a potion of might {unknown}
 k - 3 potions of lignification {unknown}
 l - a potion of heal wounds {unknown}
 m - 2 potions of mutation {unknown}
 p - a potion of attraction {unknown}
 u - a potion of cancellation {unknown}


   Skills:
 + Level 2.4 Dodging
 - Level 2.4 Stealth
 * Level 7.6 Spellcasting
 * Level 5.4 Conjurations
 + Level 4.1 Hexes
 - Level 2.0 Summonings
 - Level 4.5 Translocations


You had 2 spell levels left.
You knew the following spells:

 Your Spells              Type           Power      Damage    Failure   Level
a - Magic Dart            Conj           100%       1d8       1%          1
b - Blink                 Tloc           60%        N/A       1%          2
c - Call Imp              Summ           18%        N/A       4%          2
d - Slow                  Hex            100%       N/A       1%          1
e - Mephitic Cloud        Conj/Pois/Air  17%        N/A       10%         3
f - Conjure Flame         Conj/Fire      22%        6-21      7%          3
g - Gell's Gravitas       Tloc           30%        N/A       3%          3
h - Cause Fear            Hex            14%        N/A       12%         4

Your spell library contained the following spells:

 Spells                   Type           Power      Damage    Failure   Level
 Lesser Beckoning         Tloc           30%        N/A       3%          3
 Teleport Other           Tloc           30%        N/A       3%          3
 Inner Flame              Hex/Fire       19%        N/A       9%          3
 Discord                  Hex            14%        N/A       100%        8


Dungeon Overview and Level Annotations

Branches:
Dungeon (5/15)
 Temple: D:4-7

Altars:
Fedhas

Shops:
D:2 [[   D:3 =

Annotations:
D:3 Sigmund


Message History

Casting: Magic Dart (safe; 1% risk of failure)
Confirm with . or Enter, or press ? or * to list all spells.
The fire begins to smoulder!
The gnoll hits your crimson imp with a +0 spear.
Your crimson imp barely misses the gnoll.
The gnoll hits your crimson imp with a +0 spear.
Something barely misses your crimson imp.
Your crimson imp closely misses the gnoll.
The fire ignites!
The gnoll closely misses your crimson imp.
Something barely misses your crimson imp.
Your crimson imp hits the gnoll but does no damage.
The gnoll barely misses your crimson imp.
Something hits your crimson imp but does no damage.
Your crimson imp hits the gnoll.
The gnoll closely misses your crimson imp.
Something barely misses your crimson imp.
Your crimson imp blinks!
The magic dart hits the gnoll.
You kill the gnoll!
There is an open door here.
A sky beast appears from thin air!
Reactivating autopickup.
The magic dart hits the sky beast.
The sky beast is lightly wounded.
The magic dart hits the sky beast.
The sky beast is lightly wounded.
The sky beast is engulfed in blazing flames.
Your magical contamination has completely faded away.
The magic dart hits the sky beast.
The sky beast is severely wounded.
You hit the sky beast.
The sky beast is severely wounded.
The sky beast hits you. The sky beast shocks you.
Your crimson imp blinks!
Casting: Magic Dart (safe; 1% risk of failure)
Confirm with . or Enter, or press ? or * to list all spells.
You blink.
You are engulfed in blazing flames.
Ouch! That really hurt!
You die...

#### ..# ########.#
.........#########
...........5......
........##....###########
......<.).)).§Y§@.......#
######.###....####.)###.#
#+# ######
#..###.########
#..##.........#
#...#..######.# #.#{#.g#
#.#.#..# ... #.#.#..# #
#.# #.#.#..###.#


You could see a sky beast (ally target) and a friendly crimson imp (summoned).

Vanquished Creatures
  A necrophage (D:5)
  2 ogres
  A scorpion (D:4)
  A gnoll sergeant (D:5)
  A water moccasin zombie (D:5)
  A jelly (D:4)
  2 hounds
  3 gnolls (D:5)
  An adder (D:2)
  An adder skeleton (D:4)
  2 worms (D:3)
  2 dart slugs
  11 orcs
  5 ball pythons
  6 endoplasms
  A giant cockroach (D:4)
  6 goblins
  7 hobgoblins
  2 jackals (D:1)
  5 kobolds
  6 quokkas
  7 bats
  3 frilled lizards
  7 rats
84 creatures vanquished.

Vanquished Creatures (collateral kills)
  A sky beast (D:5)
  A necrophage (D:3)
  An adder (D:2)
  A gnoll (D:5)
  3 orcs
7 creatures vanquished.

Grand Total: 91 creatures vanquished

Notes
Turn   | Place    | Note
-------+----------+-------------------------------------------
     0 | D:1      | hashsling the Deep Elf Hedge Wizard began the quest for the
                  | Orb.
     0 | D:1      | Reached XP level 1. HP: 10/10 MP: 7/7
   163 | D:1      | Found a faded altar of an unknown god.
   419 | D:1      | Reached XP level 2. HP: 15/15 MP: 6/9
   538 | D:1      | Learned a level 2 spell: Blink
   541 | D:1      | Learned a level 2 spell: Call Imp
   543 | D:1      | Learned a level 1 spell: Slow
   886 | D:1      | Reached skill level 5 in Spellcasting
  1192 | D:2      | Reached XP level 3. HP: 19/19 MP: 2/11
  1196 | D:2      | Learned a level 3 spell: Mephitic Cloud
  1200 | D:2      | Learned a level 3 spell: Conjure Flame
  1273 | D:2      | Found Zaqeceamm's Antique Armour Shoppe.
  1658 | D:2      | Noticed an ogre
  1666 | D:2      | Found Xearil's Armour Shop.
  1731 | D:2      | Killed an ogre
  1732 | D:2      | Reached skill level 1 in Hexes
  1732 | D:2      | Reached XP level 4. HP: 24/24 MP: 1/13
  2163 | D:2      | Reached XP level 5. HP: 28/28 MP: 10/15
  2437 | D:3      | Found a blossoming altar of Fedhas.
  2519 | D:3      | Learned a level 3 spell: Gell's Gravitas
  2974 | D:3      | Noticed Sigmund
  3377 | D:3      | Noticed a necrophage
  3393 | D:3      | Killed a necrophage
  3394 | D:3      | Reached skill level 6 in Spellcasting
  3675 | D:3      | Found Umuotazy's Jewellery Shop.
  3932 | D:4      | Reached XP level 6. HP: 32/32 MP: 15/17
  4945 | D:4      | You fall into a shaft and drop 1 floor!
  4945 | D:5      | Entered Level 5 of the Dungeon
  4945 | D:5      | Noticed a sky beast
  4963 | D:5      | Killed a sky beast
  4964 | D:5      | Reached skill level 7 in Spellcasting
  4964 | D:5      | Reached XP level 7. HP: 12/36 MP: 9/19
  5306 | D:5      | Reached skill level 5 in Conjurations
  5377 | D:5      | Learned a level 4 spell: Cause Fear
  5407 | D:5      | Identified the +4 dagger "Alowk" {pain, rF- rC+++ rCorr
                  | Int+3}
  5818 | D:5      | Engulfed by a cloud of flame

Illustrated notes

Levels and vault maps discovered:
D:1:      lemuel_arrival_cross, layout_basic, ebering_ecumenical_altar_webs
D:2:      layout_loops_ring, serial_shops, shop, shop
D:3:      layout_loops_corners, fedhas_altar_2, serial_shops,
          nicolae_shop_behind_doors, uniq_sigmund
D:4:      layout_loops_corners, serial_bayou_lagoon_a, minmay_misc_feat_roman
D:5:      layout_basic

Skill      XL: |  1  2  3  4  5  6  7 |
---------------+----------------------+-----
Conjurations   | 2 3 4 5 |  5.4
Spellcasting   | 5 6 7 |  7.6
Hexes          | 1 2 3 4 |  4.1
Summonings     | 2 |  2.0
Translocations | 2 3 4 |  4.5
Dodging        | |  2.4
Stealth        | |  2.4

Action                   |  1- 3 |  4- 6 |  7- 9 || total
-------------------------+-------+-------+-------++-------
Melee: Dagger            |     4 |       |     1 ||     5
       Punch             |     1 |       |       ||     1
       Hand axe          |       |    14 |     1 ||    15
 Cast: Magic Dart        |    75 |   124 |    57 ||   256
       Call Imp          |     2 |    10 |     6 ||    18
       Blink             |     1 |     2 |     2 ||     5
       Conjure Flame     |     1 |     6 |     4 ||    11
       Slow              |     1 |     1 |       ||     2
 Stab: Sleeping          |       |     1 |       ||     1
Armor: Robe              |     2 |     2 |     5 ||     9
Dodge: Dodged            |    10 |    13 |     8 ||    31

Table legend: (Time is in decaauts)
 A = Elapsed time spent in this place.
 B = Non-inter-level travel time spent in this place.
 C = Inter-level travel time spent in this place.
 D = Time resting spent in this place.
 E = Time spent auto-exploring this place.
 F = Levels seen in this place.
 G = Mean time per level.
                   A        B        C        D        E       F      G
               +--------+--------+--------+--------+--------+-----+--------+
         Total |   5821 |   5743 |     78 |    532 |   4150 |   5 | 1164.2 |
       Dungeon |   5821 |   5743 |     78 |    532 |   4150 |   5 | 1164.2 |
               +--------+--------+--------+--------+--------+-----+--------+

Top non-repeatable levels by time:
     D:3: 1494 daAuts
     D:2: 1279 daAuts
     D:1: 1157 daAuts
     D:4: 1129 daAuts
     D:5: 760 daAuts
